 Dungeon Crawl Stone Soup version 0.29-a0-472-ge5599a681e (webtiles) character file.

Game seed: 6575059641681173507

123 xian the Skirmisher (level 4, 0/41 HPs)
             Began as a Minotaur Fighter on May 22, 2022.
             Succumbed to a scorpion's poison
             ... on level 4 of the Dungeon.
             The game lasted 00:06:53 (2660 turns).

xian the Skirmisher (Minotaur Fighter)              Turns: 2660, Time: 00:06:54

Health: 0/41       AC:  8    Str: 22    XL:     4   Next: 79%
Magic:  3/3        EV:  9    Int:  5    God:
Gold:   195        SH:  4    Dex: 10    Spells: 3/3 levels left

rFire   . . .      SeeInvis .   a - +0 trident
rCold   . . .      Faith    .   c - +0 buckler
rNeg    . . .      Spirit   .   b - +0 scale mail
rPois   .          Reflect  .   (helmet restricted)
rElec   .          Harm     .   f - +0 cloak
rCorr   +          Rampage  .   (no gloves)
Will    .....                   (no boots)
Stlth   ..........              (no amulet)
HPRegen 0.13/turn               j - ring of resist corrosion
MPRegen 0.08/turn               o - ring of resist corrosion

@: lethally poisoned (0 -> -18)
A: horns 2, retaliatory headbutt
a: no special abilities


You were on level 4 of the Dungeon.
You visited 1 branch of the dungeon, and saw 4 of its levels.

You collected 195 gold pieces.

Inventory:

Hand Weapons
 a - a +0 trident (weapon)
Missiles
 g - 5 poisoned darts (quivered)
Armour
 b - a +0 scale mail (worn)
 c - a +0 buckler (worn)
 f - a +0 cloak (worn)
 w - a +0 leather armour of willpower
Jewellery
 j - a ring of resist corrosion (left hand)
 o - a ring of resist corrosion (right hand)
Scrolls
 h - 3 scrolls of teleportation {unknown}
 i - 2 scrolls of fog {unknown}
 k - a scroll of amnesia {unknown}
 m - a scroll of enchant armour {unknown}
 p - 2 scrolls of fear {unknown}
 q - a scroll of magic mapping {unknown}
 r - a scroll of identify {unknown}
 u - a scroll of noise {unknown}
 v - a scroll of torment {unknown}
Potions
 d - a potion of might
 e - 2 potions of resistance {unknown}
 l - a potion of magic {unknown}
 n - 3 potions of curing {unknown}
 s - a potion of ambrosia {unknown}
 t - a potion of cancellation {unknown}
 x - a potion of attraction {unknown}


   Skills:
 + Level 4.8 Fighting
 + Level 3.3 Polearms
 + Level 0.2 Throwing
 + Level 4.6 Armour
 + Level 1.0 Dodging
 + Level 4.2 Shields


You had 3 spell levels left.
You didn't know any spells.
Your spell library contained the following spells:

 Spells                   Type           Power      Damage    Failure   Level
 Ensorcelled Hibernation  Hex/Ice        0%         N/A       95%         2
 Passwall                 Tmut/Erth      0%         N/A       95%         2
 Static Discharge         Conj/Air       0%         N/A       95%         2
 Swiftness                Air            0%         N/A       99%         3
 Corpse Rot               Necr/Pois/Air  0%         N/A       100%        4
 Dispel Undead            Necr           0%         3d6       100%        4
 Sticky Flame             Conj/Fire      0%         2d3       100%        4
 Summon Forest            Summ/Tloc      0%         N/A       100%        5
 Death Channel            Necr           0%         N/A       100%        6
 Eringya's Noxious Bog    Tmut/Pois      0%         N/A       100%        6
 Summon Hydra             Summ           0%         N/A       100%        7


Dungeon Overview and Level Annotations

Branches:
Dungeon (4/15)
 Temple: D:4-7

Altars:
Ru
Vehumet

Shops:
D:3 =

Annotations:
D:3 ring of strength in shop


Innate Abilities, Weirdness & Mutations

You have a pair of horns on your head.
You reflexively headbutt those who attack you in melee.


Message History

You block the hobgoblin's attack.
You puncture the hobgoblin!
You kill the hobgoblin!
The scorpion stings you.
You hit the scorpion but do no damage. The scorpion stings you.
You are poisoned.
The scorpion poisons you! The scorpion barely misses you.
You furiously retaliate!
You headbutt the scorpion! You hit the scorpion.
The scorpion is almost dead.
You feel very sick.
The scorpion stings you but does no damage.
You hit the scorpion but do no damage.
The scorpion is severely wounded.
You feel very sick. The scorpion closely misses you.
You closely miss the scorpion. Your headbutt misses the scorpion.
The scorpion is severely wounded.
You feel sick. The scorpion stings you.
You are more poisoned.
The scorpion poisons you! The scorpion barely misses you.
You hit the scorpion. Your headbutt misses the scorpion.
The scorpion is almost dead.
You feel very sick. The scorpion stings you.
You closely miss the scorpion.
The scorpion is almost dead.
You feel very sick. The scorpion stings you.
* * * LOW HITPOINT WARNING * * *
You closely miss the scorpion. Your headbutt misses the scorpion.
The scorpion is almost dead.
* * * LOW HITPOINT WARNING * * *
You feel sick. The scorpion stings you.
* * * LOW HITPOINT WARNING * * *
You are more poisoned.
The scorpion poisons you! The scorpion closely misses you.
You hit the scorpion.
You kill the scorpion!
You die...

#........#
..##.....###........#
......................#
.......................#
........................
..........................#
###+#######'####...........
###....S###..†..###..
#.##.....###..†@.####.#
#.#.....###.....###.#.#
.#.#....###.....###..#.#
.#.+...###.....###...+.#
...#..######'####....#.#......
#..#^###.#.....#.....#.......
#..####..#.....#....##....>.#
#..###...'.....+...###......#
##.##....#.....#..####......#


You could see an adder.

Vanquished Creatures
  A scorpion (D:4)
  3 gnolls (D:2)
  3 adders (D:3)
  2 dart slugs (D:1)
  An orc (D:4)
  4 ball pythons
  8 bats
  2 endoplasms
  5 giant cockroaches
  6 goblins
  4 hobgoblins
  6 jackals (D:1)
  5 kobolds
  3 quokkas
  3 frilled lizards
  5 rats
61 creatures vanquished.

Notes
Turn   | Place    | Note
-------+----------+-------------------------------------------
     0 | D:1      | xian the Minotaur Fighter began the quest for the Orb.
     0 | D:1      | Reached XP level 1. HP: 19/19 MP: 0/0
   165 | D:1      | Reached XP level 2. HP: 27/27 MP: 1/1
   640 | D:1      | Reached XP level 3. HP: 26/33 MP: 2/2
   833 | D:2      | Found a faded altar of an unknown god.
  1138 | D:2      | Reached XP level 4. HP: 19/41 MP: 3/3
  1647 | D:3      | Found a radiant altar of Vehumet.
  1860 | D:3      | Found Iroiris's Jewellery Shop.
  2108 | D:3      | Found a sacrificial altar of Ru.
  2579 | D:4      | Noticed a water moccasin
  2600 | D:4      | Reached skill level 1 in Dodging
  2648 | D:4      | Noticed a scorpion
  2660 | D:4      | Killed a scorpion
  2660 | D:4      | Succumbed to a scorpion's poison

Illustrated notes

Levels and vault maps discovered:
D:1:      dpeg_arrival_water_fire, layout_basic, fountainhead
D:2:      layout_rooms, shapermc_ecumenical_altar_gd
D:3:      layout_basic, hangedman_ru_absence, old_standard_altar, serial_shops,
          shop_fountains, serial_bayou_pond_d, eino_curves_02,
          minmay_misc_feat_four_crosses
D:4:      layout_layer_cave, marbit_many_paths, gammafunk_temple_overflow_wave,
          minmay_quadrilaterals

Skill      XL: |  1  2  3  4 |
---------------+-------------+-----
Armour         | 4 |  4.6
Shields        | 4 |  4.2
Fighting       | 4 |  4.8
Polearms       | 3 |  3.3
Dodging        | 1 |  1.0
Throwing       | |  0.2

Action                   |  1- 3 |  4- 6 || total
-------------------------+-------+-------++-------
Melee: Trident           |    67 |    60 ||   127
       Headbutt          |    11 |     2 ||    13
Throw: Dart              |     1 |     2 ||     3
Armor: Scale mail        |    38 |    30 ||    68
Dodge: Dodged            |    54 |    32 ||    86
Block: Buckler           |    14 |     9 ||    23

Table legend: (Time is in decaauts)
 A = Elapsed time spent in this place.
 B = Non-inter-level travel time spent in this place.
 C = Inter-level travel time spent in this place.
 D = Time resting spent in this place.
 E = Time spent auto-exploring this place.
 F = Levels seen in this place.
 G = Mean time per level.
                   A        B        C        D        E       F      G
               +--------+--------+--------+--------+--------+-----+--------+
         Total |   2686 |   2657 |     29 |      0 |   2011 |   4 |  671.5 |
       Dungeon |   2686 |   2657 |     29 |      0 |   2011 |   4 |  671.5 |
               +--------+--------+--------+--------+--------+-----+--------+

Top non-repeatable levels by time:
     D:3: 833 daAuts
     D:1: 818 daAuts
     D:2: 653 daAuts
     D:4: 381 daAuts
